 Dungeon Crawl Stone Soup version 0.24-a0-504-gcfb02b9d07 (webtiles) character file.

Game seed: 15525432672572270598

65 forest the Sneak (level 3, 0/18 HPs)
             Began as a Spriggan Assassin on July 17, 2019.
             Killed from afar by a white imp (7 damage)
             ... with a puff of frost
             ... summoned by Natasha
             ... on level 2 of the Dungeon.
             The game lasted 00:03:14 (954 turns).

forest the Sneak (Spriggan Assassin)                 Turns: 954, Time: 00:03:15

Health: 0/18       AC:  3    Str:  8    XL:     3   Next: 92%
Magic:  4/4        EV: 17    Int: 12    God:
Gold:   37         SH:  0    Dex: 17    Spells: 2/2 levels left

rFire    . . .     SeeInvis +   a - +2 dagger
rCold    . . .     Gourm    .   (shield restricted)
rNeg     . . .     Faith    .   g - +0 robe (curse)
rPois    .         Spirit   .   (helmet restricted)
rElec    .         Reflect  .   c - +0 cloak
rCorr    .         Harm     .   (gloves unavailable)
MR       .....                  (boots unavailable)
Stlth    ++++......             (no amulet)
HPRegen  0.06/turn              (no ring)
MPRegen  0.09/turn              (no ring)

@: very quick
A: very small, unfitting armour, see invisible, herbivore, speed 3, slow
metabolism 2
a: no special abilities


You were on level 2 of the Dungeon.
You were not hungry.

You visited 1 branch of the dungeon, and saw 2 of its levels.

You collected 37 gold pieces.

Inventory:

Hand Weapons
 a - a +2 dagger (weapon)
Missiles
 d - 3 poisoned darts (quivered)
 e - 2 curare-tipped darts
 h - 54 stones
Armour
 c - a +0 cloak (worn)
 g - a cursed +0 robe (worn)
Scrolls
 j - a scroll of noise {unknown}
 k - 2 scrolls of identify {unknown}
 l - a scroll of remove curse {unknown}
 n - a scroll of enchant weapon {unknown}
Potions
 b - a potion of degeneration {unknown}
 i - 3 potions of curing {unknown}
 m - a potion of resistance {unknown}
 o - a potion of brilliance {unknown}
Comestibles
 f - 2 rations


   Skills:
 + Level 2.0 Fighting
 + Level 2.8 Short Blades
 + Level 2.3 Throwing
 + Level 1.8 Dodging
 + Level 7.3 Stealth


You had 2 spell levels left.
You didn't know any spells.
Your spell library was empty.

Dungeon Overview and Level Annotations

Branches:
Dungeon (2/15)

Altars:

Annotations:
D:2 Natasha


Innate Abilities, Weirdness & Mutations

You are very small and have problems with some larger weapons.
You are too small for most types of armour.
You have supernaturally acute eyesight. (SInv)
You are a herbivore.
You cover ground extremely quickly.
You need to consume almost no food.


Message History

Found a grey potion.
The white imp gestures at you. The puff of frost hits you!
Ouch! That really hurt!
Natasha claws you.
You closely miss Natasha.
Natasha is moderately wounded.
Natasha casts a spell.
You barely miss Natasha.
Natasha is moderately wounded.
Natasha claws you but does no damage.
Throwing (i - inventory. (/) - cycle)
d - 4 poisoned darts (quivered)
Press: ? - help, Shift-Dir - straight line, f/p - Natasha
Aim: Natasha (moderately wounded, poisoned)
You throw a poisoned dart.
The poisoned dart barely misses Natasha.
The white imp lashes its tail.
The white imp gestures at you. The puff of frost hits you!
You die...

#..#########
##..........##
.#!...........##
...............#
..........$.)..#
......5((......#
......5...†....#
#(..((h@.......#
#............<##
#.#..........##
##.######### #.
#


You could see Natasha and 2 white imps.

Vanquished Creatures
  Natasha (twice) (D:2)
  3 hobgoblins (D:1)
  2 bats (D:1)
  A frilled lizard (D:1)
  5 goblins (D:1)
  6 kobolds
  A rat (D:1)
20 creatures vanquished.

Notes
Turn   | Place    | Note
-------+----------+-------------------------------------------
     0 | D:1      | forest the Spriggan Assassin began the quest for the Orb.
     0 | D:1      | Reached XP level 1. HP: 10/10 MP: 2/2
   244 | D:1      | Reached skill level 6 in Stealth
   389 | D:1      | Reached XP level 2. HP: 15/15 MP: 3/3
   867 | D:2      | Noticed Natasha
   870 | D:2      | Killed Natasha
   870 | D:2      | Reached XP level 3. HP: 18/18 MP: 4/4
   924 | D:2      | Noticed Natasha
   931 | D:2      | Killed Natasha
   931 | D:2      | Reached skill level 7 in Stealth
   945 | D:2      | Noticed Natasha
   954 | D:2      | Killed from afar by a white imp

Levels and vault maps discovered:
D:1:      shiori_arrival_elements, layout_rooms
D:2:      layout_rooms, fedhas_altar_4, first_ration,
          nemelex_spade_bored_becter, uniq_natasha

Skill      XL: |  1  2  3 |
---------------+----------+-----
Stealth        | 6 7 |  7.3
Fighting       | 2 |  2.0
Short Blades   | |  2.8
Throwing       | |  2.3
Dodging        | |  1.8

Action                   || total
-------------------------++-------
Melee: Dagger            ||    64
Throw: Dart              ||    11
 Stab: Sleeping          ||     5
Armor: Robe              ||     7
Dodge: Dodged            ||    51

Table legend:
 A = Non-vault XP
 B = Vault XP
 C = Vault XP percentage of total XP
 D = Non-vault monster count
 E = Vault monster count
 F = Vault count percentage of total count
                 A         B        C        D         E       F
            +---------+---------+-------+---------+---------+-------
      Total |      61 |      32 |  34.4 |      19 |       1 |   5.0
            +---------+---------+-------+---------+---------+-------
        D:1 |      25 |       0 |   0.0 |      17 |       0 |   0.0
        D:2 |      36 |      32 |  47.1 |       2 |       1 |  33.3
            +---------+---------+-------+---------+---------+-------
